 Dungeon Crawl Stone Soup version 0.29.0-13-gc9e81de378 (webtiles) character file.

Game seed: 18120271249116157343

791 Ijustatesigmund the Trooper (level 7, -12/47 HPs)
             Began as a Gargoyle Fighter on Sept 9, 2022.
             Was a Believer of Cheibriados.
             Mangled by a two-headed ogre
             ... wielding a +0 giant spiked club
              (21 damage)
             ... on level 5 of the Dungeon.
             The game lasted 00:10:01 (5484 turns).

Ijustatesigmund the Trooper (Gargoyle Fighter)      Turns: 5484, Time: 00:10:02

Health: -12/47     AC: 14    Str: 25    XL:     7   Next: 88%
Magic:  6/9        EV:  9    Int: 15    God:    Cheibriados [**....]
Gold:   839        SH:  5    Dex: 14    Spells: 6/6 levels left

rFire   + . .      SeeInvis .   d - +2 whip (elec)
rCold   . . .      Faith    .   c - +0 buckler
rNeg    + . .      Spirit   .   m - +2 scale mail {rF+}
rPois   ∞          Reflect  .   (no helmet)
rElec   +          Harm     .   (no cloak)
rCorr   .          Rampage  .   (no gloves)
Will    .....                   o - +0 pair of boots
Stlth   ..........              (no amulet)
HPRegen 0.15/turn               (no ring)
MPRegen 0.11/turn               (no ring)

@: very slow
A: sickness immunity, AC +4, negative energy resistance 1, electricity
resistance, torment resistance 1, petrification resistance
a: Renounce Religion, Bend Time


You were on level 5 of the Dungeon.
You worshipped Cheibriados.
Cheibriados was pleased with you.
You visited 1 branch of the dungeon, and saw 5 of its levels.
You also visited: Sewer.

You collected 839 gold pieces.

Inventory:

Hand Weapons
 a - a +1 flail
 d - a +2 whip of electrocution (weapon)
Missiles
 h - 13 poisoned darts (quivered)
Armour
 c - a +0 buckler (worn)
 m - a +2 scale mail of fire resistance (worn)
 o - a +0 pair of boots (worn)
Scrolls
 b - a scroll of brand weapon {unknown}
 f - a scroll of amnesia
 g - 5 scrolls of identify
 l - a scroll of blinking
Potions
 e - a potion of attraction
 i - 4 potions of flight
 k - 2 potions of curing
 n - a potion of magic


   Skills:
 + Level 6.8 Fighting
 + Level 5.6 Maces & Flails
 - Level 3.2 Armour
 - Level 3.2 Shields
 + Level 3.8 Invocations


You had 6 spell levels left.
You didn't know any spells.
Your spell library contained the following spells:

 Spells                   Type           Power      Damage    Failure   Level
 Summon Small Mammal      Summ           0%         N/A       63%         1
 Call Canine Familiar     Summ           0%         N/A       94%         3
 Summon Guardian Golem    Hex/Summ       0%         N/A       94%         3


Dungeon Overview and Level Annotations

Branches:
Dungeon (5/15)             Temple (0/1) D:5           Sewer (visited)

Altars:
Ashenzari
Cheibriados
Makhleb
Nemelex Xobeh
Qazlal
Ru
Vehumet
Wu Jian
Xom
Yredelemnul
Zin
The Shining One

Shops:
D:4 (


Innate Abilities, Weirdness & Mutations

You are immune to sickness and miasma.
Your stone body is resilient. (AC +4)
You are immune to poison.
You resist negative energy. (rN+)
You are resistant to electric shocks. (rElec)
You are resistant to unholy torment.
You are immune to petrification.


Message History

Cheibriados thoroughly appreciates the change of pace.
No target in view!
No target in view!
No target in view!
No target in view!
b - a scroll labelled TAIG GU QALUPH A two-headed ogre comes into view.
It is wielding two +0 giant spiked clubs.
The two-headed ogre hits you with a +0 giant spiked club!!
The two-headed ogre closely misses you.
You hit the two-headed ogre.
The two-headed ogre is lightly wounded.
You hit the two-headed ogre.
The two-headed ogre is lightly wounded.
The two-headed ogre hits you with a +0 giant spiked club!!
* * * LOW HITPOINT WARNING * * *
The two-headed ogre closely misses you.
You are too injured to fight recklessly!
You are too injured to fight recklessly!
You are too injured to fight recklessly!
You are too injured to fight recklessly!
You are too injured to fight recklessly!
You are too injured to fight recklessly!
You feel much better.
The two-headed ogre hits you with a +0 giant spiked club!
The two-headed ogre barely misses you. The flow of time bends around you.
Cheibriados rebukes the two-headed ogre.
The two-headed ogre seems to slow down.
You feel much better.
You hit the two-headed ogre.
The two-headed ogre is lightly wounded.
The two-headed ogre hits you with a +0 giant spiked club! x2
You hit the two-headed ogre but do no damage.
The two-headed ogre is lightly wounded.
You hit the two-headed ogre.
The two-headed ogre is moderately wounded.
The two-headed ogre hits you with a +0 giant spiked club!
* * * LOW HITPOINT WARNING * * *
The two-headed ogre hits you with a +0 giant spiked club!!
You die...

#####.......##. ....###
#......########....#
#.##.#...### #...... #
#..###..# #...####
#...# #..# #...#
#.#.###..####...#####
...##.................
#.#.###................
#.#............@O......
. ###.#########...#####
#. #...# # #...# #...#
#...# #...# ##.##


You could see a two-headed ogre (slow).

Vanquished Creatures
  An ogre (D:4)
  A phantom (D:5)
  A kobold brigand (Sewer)
  A necrophage (D:4)
  3 orc priests
  2 hounds
  Jessica (D:3)
  An orc wizard (D:4)
  Robin (D:3)
  11 adders
  5 river rats
  An ufetubus (D:5)
  3 worms
  2 dart slugs
  13 orcs
  5 bats
  7 endoplasms
  3 giant cockroaches
  15 hobgoblins
  A jackal (Sewer)
  2 quokkas
  9 ball pythons
  20 goblins
  9 kobolds
  11 rats
  A spectral hobgoblin (D:1)
130 creatures vanquished.

Vanquished Creatures (others)
  12 plants (D:4)
12 creatures vanquished.

Grand Total: 142 creatures vanquished

Notes
Turn   | Place    | Note
-------+----------+-------------------------------------------
     0 | D:1      | Ijustatesigmund the Gargoyle Fighter began the quest for
                  | the Orb.
     0 | D:1      | Reached XP level 1. HP: 14/14 MP: 1/1
    44 | D:1      | Found a faded altar of an unknown god.
   199 | D:1      | Reached XP level 2. HP: 19/19 MP: 2/2
   745 | D:2      | Reached skill level 4 in Fighting
   745 | D:2      | Reached XP level 3. HP: 24/24 MP: 3/3
   918 | D:2      | You fall into a shaft and drop 1 floor!
  1006 | D:2      | Identified a scroll of acquirement
  1006 | D:2      | Acquired 617 gold pieces
  1188 | D:2      | Reached XP level 4. HP: 30/30 MP: 4/4
  1810 | D:3      | Noticed Robin
  1814 | D:3      | Killed Robin
  2089 | D:3      | Reached XP level 5. HP: 34/34 MP: 5/5
  2217 | D:3      | Found a glowing golden altar of the Shining One.
  2227 | D:3      | Found a basalt altar of Yredelemnul.
  2237 | D:3      | Reached skill level 5 in Fighting
  2569 | D:3      | Found a stormy altar of Qazlal.
  2733 | D:3      | Noticed Jessica
  2737 | D:3      | Killed Jessica
  2942 | D:3      | Found a radiant altar of Vehumet.
  2943 | D:3      | Found a snail-covered altar of Cheibriados.
  2943 | D:3      | Found a shimmering altar of Xom.
  2943 | D:3      | Found a sparkling altar of Nemelex Xobeh.
  2943 | D:3      | Found a broken altar of Ashenzari.
  2945 | D:3      | Found a burning altar of Makhleb.
  2946 | D:3      | Found a sacrificial altar of Ru.
  2948 | D:3      | Found a glowing silver altar of Zin.
  2951 | D:3      | Became a worshipper of Cheibriados the Contemplative
  3302 | D:4      | Noticed an ogre
  3310 | D:4      | Killed an ogre
  3311 | D:4      | Reached skill level 1 in Invocations
  3311 | D:4      | Reached XP level 6. HP: 41/41 MP: 5/7
  3379 | D:4      | Found a glowing drain.
  3384 | Sewer    | Entered a sewer
  3399 | Sewer    | Reached * piety under Cheibriados
  3622 | Sewer    | Reached skill level 6 in Fighting
  3884 | Sewer    | Found a white marble altar of Elyvilon.
  4042 | D:4      | Reached XP level 7. HP: 46/46 MP: 8/8
  4077 | D:4      | Found Lyaxzacw's Weapon Shop.
  4149 | D:4      | Reached skill level 5 in Maces & Flails
  4263 | D:4      | Found an ornate altar of the Wu Jian Council.
  4635 | D:4      | Reached ** piety under Cheibriados
  5348 | D:5      | Entered Level 5 of the Dungeon
  5352 | D:5      | Found a staircase to the Ecumenical Temple.
  5474 | D:5      | Noticed a two-headed ogre
  5484 | D:5      | Mangled by a two-headed ogre

Illustrated notes

Levels and vault maps discovered:
D:1:      elethiomel_arrival_quiet, layout_basic,
          dreamdust_ecumenical_altar_drowned_temple
D:2:      layout_loops_ring
D:3:      wad_crossroads, layout_rooms, mainiacjoe_overflow_24_doors,
          marbit_many_paths, minitemple, uniq_robin, uniq_jessica
D:4:      corexii_shack_village, layout_basic, nicolae_wu_jian_wuxing_cycle,
          serial_shops, nicolae_lakefront_shop, lightli_sewer_entry_pipes,
          serial_bayou_ford_a
D:5:      layout_loops_cross, minmay_temple_entry_drinking_statues

Skill      XL: |  1  2  3  4  5  6  7 |
---------------+----------------------+-----
Fighting       | 4 5 6 |  6.8
Maces & Flails | 3 4 5 |  5.6
Invocations    | 1 2 3 |  3.8
Armour         | |  3.2
Shields        | |  3.2

Action                   |  1- 3 |  4- 6 |  7- 9 || total
-------------------------+-------+-------+-------++-------
Melee: Flail             |    85 |   181 |       ||   266
       Whip              |       |    38 |   144 ||   182
Throw: Dart              |       |     4 |       ||     4
Invok: Bend Time         |       |       |     1 ||     1
  Use: Scroll            |    12 |     3 |     2 ||    17
       Potion            |       |     5 |     3 ||     8
Armor: Scale mail        |    42 |    90 |    53 ||   185
       Skin              |       |    13 |       ||    13
Dodge: Dodged            |    51 |    93 |    51 ||   195
Block: Buckler           |    14 |    54 |    31 ||    99
